 Dungeon Crawl Stone Soup version 0.20.1-1-g8b1a95d (webtiles) character file.

56 Irenicus the Insei (level 3, 0/20 HPs)
             Began as a Vine Stalker Chaos Knight on Oct 12, 2017.
             Killed from afar by tarantulino's ghost (6 damage)
             ... with a flame tongue
             ... on level 3 of the Dungeon.
             The game lasted 00:03:26 (915 turns).

Irenicus the Insei (Vine Stalker Chaos Knight)       Turns: 915, Time: 00:03:28

Health: 0/20       AC:  5    Str: 14    XL:     3   Next: 95%
Magic:  0/4        EV: 11    Int: 12    God:    Xom [*.....]
Gold:   84         SH:  0    Dex: 14    Spells: 2/2 levels left

rFire    . . .     SeeInvis .     - Unarmed
rCold    . . .     Gourm    .   (no shield)
rNeg     . . .     Faith    .   a - +2 leather armour
rPois    .         Spirit   +   (no helmet)
rElec    .         Reflect  .   (no cloak)
rCorr    .         Harm     .   (no gloves)
MR       .....                  (no boots)
Stlth    +.........             (no amulet)
Regen    0.1/turn               (no ring)
MPRegen  0.1/turn               (no ring)

@: no status effects
A: fangs 2, magic shield, antimagic bite, no potion heal 3, rot immunity
a: Renounce Religion


You were on level 3 of the Dungeon.
You worshipped Xom.
You were a special plaything of Xom.
You were not hungry.

You visited 1 branch of the dungeon, and saw 3 of its levels.

You collected 84 gold pieces.

Inventory:

Armour
 a - a +2 leather armour (worn)
Scrolls
 c - a scroll of fear {unknown}
 f - a scroll of remove curse {unknown}
 g - 5 scrolls of identify {unknown}
 h - a scroll of enchant armour {unknown}
 i - 3 scrolls of random uselessness {unknown}
Potions
 e - a potion of curing {unknown}
 j - a potion of haste {unknown}
 l - a potion of heal wounds {unknown}
Comestibles
 b - 2 bread rations
 d - 4 royal jellies
 k - a meat ration


   Skills:
 - Level 3.0 Fighting
 + Level 2.1 Armour
 - Level 1.0 Dodging
 + Level 4.0 Unarmed Combat


You had 2 spell levels left.
You didn't know any spells.

Dungeon Overview and Level Annotations

Branches:
Dungeon (3/15)

Altars:
Hepliaklqana
Kikubaaqudgha
Makhleb
Yredelemnul
Zin

Annotations:
D:3 tarantulino's ghost, amateur DEFE


Innate Abilities, Weirdness & Mutations

You have extremely sharp teeth.
When hurt, damage is shared between your health and your magic reserves.
Your bite disrupts and absorbs the magic of your enemies.
Potions cannot restore your health.
You are immune to rotting.


Message History

You hit the leopard gecko. Your bite misses the leopard gecko.
The leopard gecko is lightly wounded.
The leopard gecko bites you but does no damage.
The hobgoblin closely misses you.
Tarantulino's ghost (amateur Deep Elf Fire Elementalist) comes into view.
You closely miss the leopard gecko. Your bite misses the leopard gecko.
The leopard gecko is lightly wounded.
Tarantulino's ghost moves out of view.
The leopard gecko barely misses you.
Tarantulino's ghost gestures at you while chanting.
The flame tongue hits you!
* * * LOW HITPOINT WARNING * * *
The hobgoblin barely misses you.
There is a stone staircase leading up here.
Xom's attention turns to you for a moment.
Motes of dust swirl before your eyes.
You are now a special plaything of Xom.
Tarantulino's ghost casts a spell at you.
The flame tongue hits you!
You die...
Xom chortles!

#......# ..
#......# ..#
#$.....#
...##
#......#
...##......##
#...........
#.........#
#...g..#
#..@#....#
#...#.W....#
#.# ###...##
# ..## .## ##
.


You could see tarantulino's ghost and a hobgoblin.

Vanquished Creatures
  An adder (D:2)
  2 dart slugs (D:1)
  A leopard gecko (D:1)
  6 bats
  A bat zombie (D:2)
  A giant cockroach (D:2)
  5 goblins
  4 hobgoblins
  2 jackals (D:2)
  A quokka (D:2)
  A ball python (D:1)
  A frilled lizard (D:2)
  7 kobolds
  8 rats
  A rat zombie (D:2)
42 creatures vanquished.

Notes
Turn   | Place    | Note
-------+----------+-------------------------------------------
     0 | D:1      | Irenicus the Vine Stalker Chaos Knight began the quest for the Orb.
     0 | D:1      | Reached XP level 1. HP: 11/11 MP: 2/2
     7 | D:1      | XOM: divination: magic mapping
    92 | D:1      | Reached XP level 2. HP: 11/16 MP: 3/3
   151 | D:1      | XOM: divination: magic mapping
   380 | D:1      | Reached skill level 1 in Dodging
   504 | D:2      | XOM: divination: detect creatures
   506 | D:2      | Reached XP level 3. HP: 16/19 MP: 4/4
   520 | D:2      | Found a hazy altar of Hepliaklqana.
   547 | D:2      | XOM: harmless Pois miscast
   577 | D:2      | Found a burning altar of Makhleb.
   579 | D:2      | Noticed a blizzard demon
   581 | D:2      | Found a glowing silver altar of Zin.
   582 | D:2      | Noticed an angel
   746 | D:2      | Found a basalt altar of Yredelemnul.
   866 | D:2      | Reached skill level 4 in Unarmed Combat
   871 | D:2      | Found an ancient bone altar of Kikubaaqudgha.
   882 | D:2      | XOM: summons 1 hostile demon
   913 | D:3      | Noticed tarantulino's ghost (amateur DEFE)
   915 | D:3      | XOM: mild Erth miscast
   915 | D:3      | Killed from afar by tarantulino's ghost

Skill      XL: |  1  2  3 |
---------------+----------+-----
Dodging        | 1 |  1.0
Fighting       | 3 |  3.0
Armour         | 2 |  2.1
Unarmed Combat | 4 |  4.0

Action                   || total
-------------------------++-------
Melee: Unarmed           ||   118
       Bite              ||    27
       Punch             ||     1
Armor: Leather armour    ||    52
Dodge: Dodged            ||    72
